AoeStats
← [ KOF ] M. Kowalski

Arena

507802732Analyzed
2v2 RM · 11d ago on Sep 19, 2026· 51m 35s· 4 players
Game mode
Random Map
Map size
Medium (4 player)
Population
200
Speed
Normal
Resources
Standard
Victory
Conquest
Starting age
Dark Age
Ending age
Imperial Age
RankedLock teamsTeams togetherTeam positionsShared explorationLock speedFull tech treeHidden civsTurbo modeCheats
Victory
Defeat
🇧🇷 Lithuanians · Brazil
1372
+17
🇧🇷 Italians · Brazil
1333
+18
🇲🇽 Burgundians · Mexico
1417
-19
🇦🇷 Bohemians · Argentina
1348
-16
RodrigoSuga
7:40 Loom
11:01 Feudal Age
14:40 Castle Age
13:04 Double-Bit Axe
13:18 Horse Collar
17:07 Wheelbarrow
17:12 Heavy Plow
23:44 Bow Saw
26:37 Hand Cart
30:03 Imperial Age
28:27 Stone Mining
30:43 Scale Mail Armor
30:36 Fletching
32:08 Chemistry
31:19 Thumb Ring
31:16 Padded Archer Armor
31:59 Conscription
31:40 Bodkin Arrow
31:08 Elite Skirmisher
32:30 Bloodlines
32:21 Husbandry
32:50 Leather Archer Armor
34:48 Bracer
35:18 Ring Archer Armor
35:30 Scale Barding Armor
35:35 Forging
34:46 Light Cavalry
37:13 Two-Man Saw
36:57 Crop Rotation
38:53 Chain Barding Armor
39:08 Iron Casting
38:24 Hussar
40:04 Iron Casting
40:49 Elite Genoese Crossbowman
43:19 Plate Barding Armor
43:44 Blast Furnace
Zantins
10:26 Feudal Age
14:03 Castle Age
12:25 Double-Bit Axe
12:52 Horse Collar
15:52 Wheelbarrow
21:29 Stone Mining
23:32 Stone Shaft Mining
25:56 Gold Mining
31:03 Imperial Age
29:52 Fletching
31:17 Bodkin Arrow
33:15 Chemistry
34:57 Treadmill Crane
35:05 Light Cavalry
35:58 Forging
35:55 Scale Barding Armor
36:19 Bloodlines
37:27 Iron Casting
36:33 Light Cavalry
38:18 Bow Saw
38:40 Chain Barding Armor
39:28 Bloodlines
39:19 Husbandry
40:45 Plate Barding Armor
48:49 Padded Archer Armor
[ KOF ] M. Kowalski
7:40 Loom
10:52 Feudal Age
15:08 Castle Age
13:19 Double-Bit Axe
17:40 Wheelbarrow
23:37 Fletching
29:34 Redemption
30:59 Bodkin Arrow
32:46 Bow Saw
34:35 Scale Barding Armor
35:59 Chain Barding Armor
42:41 Imperial Age
44:53 Forging
44:43 Scale Mail Armor
44:34 Pikeman
45:14 Squires
46:43 Iron Casting
46:24 Town Watch
47:32 Arson
48:53 Blast Furnace
48:24 Halberdier
~KOF~Legonas
5:43 Horse Collar
6:23 Double-Bit Axe
11:07 Feudal Age
11:27 Wheelbarrow
13:47 Loom
16:33 Castle Age
16:16 Bow Saw
18:36 Heavy Plow
20:18 Husbandry
21:57 Light Cavalry
27:49 Imperial Age
27:04 Crop Rotation
26:49 Husbandry
27:42 Ballistics
28:27 Two-Man Saw
29:33 Chemistry
29:03 Hand Cart
30:39 Scale Mail Armor
30:31 Fletching
30:53 Masonry
31:09 Bombard Tower
31:41 Scale Mail Armor
31:45 Squires
32:02 Gold Mining
32:03 Stone Mining
31:43 Capped Ram
32:26 Pikeman
34:30 Scale Barding Armor
33:47 Hussar
35:00 Forging
35:42 Chain Barding Armor
37:51 Elite Skirmisher
39:11 Padded Archer Armor
39:07 Bodkin Arrow
42:16 Masonry
43:08 Leather Archer Armor
43:08 Chain Mail Armor
43:29 Plate Barding Armor
45:52 Iron Casting
46:54 Town Watch
Connection lost

Rejoining the realm…

Still unreachable

The connection could not be restored.

Session expired

The server has moved on; the page needs a fresh start.